 Dungeon Crawl Stone Soup version 0.29-a0-100-g60f898f876 (webtiles) character file.

Game seed: 14295843688177218417

182 kae the Cudgeller (level 5, -3/47 HPs)
             Began as a Minotaur Fighter on Feb 14, 2022.
             Succumbed to Dowan's poison
             ... on level 4 of the Dungeon.
             The game lasted 00:01:08 (2391 turns).

kae the Cudgeller (Minotaur Fighter)                Turns: 2391, Time: 00:01:09

Health: -3/47      AC: 13    Str: 20 (23) XL:     5   Next: 34%
Magic:  4/4        EV:  9    Int:  4 (5)  God:
Gold:   137        SH:  5    Dex: 12 (15) Spells: 4/4 levels left

rFire   . . .      SeeInvis .   a - +1 flail
rCold   . . .      Faith    .   c - +0 buckler
rNeg    . . .      Spirit   .   b - +0 scale mail
rPois   .          Reflect  .   (helmet restricted)
rElec   .          Harm     .   (no cloak)
rCorr   .          Rampage  .   e - +0 pair of gloves
Will    .....                   f - +0 pair of boots
Stlth   ..........              (no amulet)
HPRegen 0.15/turn               l - +6 ring of dexterity
MPRegen 0.09/turn               m - +4 ring of protection

@: lethally poisoned (-3 -> -27), lit by a corona, glowing
A: horns 2, retaliatory headbutt
a: no special abilities


You were on level 4 of the Dungeon.
You visited 1 branch of the dungeon, and saw 4 of its levels.

You collected 137 gold pieces.

Inventory:

Hand Weapons
 a - a +1 flail (weapon)
Armour
 b - a +0 scale mail (worn)
 c - a +0 buckler (worn)
 e - a +0 pair of gloves (worn)
 f - a +0 pair of boots (worn)
Jewellery
 l - a +6 ring of dexterity (left hand)
 m - a +4 ring of protection (right hand)
Scrolls
 k - a scroll of magic mapping
Potions
 d - a potion of might
 j - a potion of berserk rage
 q - a potion of degeneration


   Skills:
 + Level 4.5 Fighting
 * Level 4.8 Maces & Flails
 + Level 4.5 Armour
 + Level 4.5 Shields


You had 4 spell levels left.
You didn't know any spells.
Your spell library contained the following spells:

 Spells                   Type           Power      Damage    Failure   Level
 Ensorcelled Hibernation  Hex/Ice        0%         N/A       97%         2
 Spider Form              Tmut/Pois      0%         N/A       99%         3
 Anguish                  Hex/Necr       0%         N/A       100%        4


Dungeon Overview and Level Annotations

Branches:
Dungeon (4/15)
 Temple: D:4-7

Altars:
Yredelemnul

Annotations:
D:4 Dowan, Duvessa


Innate Abilities, Weirdness & Mutations

You have a pair of horns on your head.
You reflexively headbutt those who attack you in melee.


Message History

You are too injured to fight recklessly!
You are too injured to fight recklessly!
You hit Duvessa but do no damage.
Duvessa is almost dead.
You feel sick. You block Dowan's attack. Duvessa hits you but does no damage.
The kobold closely misses you. You furiously retaliate!
You headbutt the kobold. You barely miss Duvessa.
Duvessa is almost dead.
You feel sick. Dowan casts a spell at you.
The puff of flame hits you but does no damage.
Duvessa hits you with a +0 short sword. The kobold hits you but does no damage.
Dowan hits you but does no damage.
You are more poisoned.
Duvessa says, "When magic and the sword combine, nothing stands against them."
Duvessa hits you but does no damage.
You barely miss Duvessa. Your headbutt misses Duvessa.
Duvessa is almost dead.
You feel very sick. The kobold hits you but does no damage.
Dowan hits you but does no damage.
You are more poisoned.
Duvessa hits you but does no damage. You block the kobold's attack.
You hit Duvessa but do no damage.
Duvessa is almost dead.
You feel very sick.
Dowan hits you with a +0 dagger of venom.
* * * LOW HITPOINT WARNING * * *
You are more poisoned.
Duvessa hits you with a +0 short sword.
* * * LOW HITPOINT WARNING * * *
The kobold barely misses you. You furiously retaliate!
You headbutt the kobold!
You kill the kobold!
* * * LOW HITPOINT WARNING * * *
You feel extremely sick.
Duvessa says, "Where magic fails, the sword succeeds!"
It was a potion of degeneration.
There was something very wrong with that liquid.
You feel weakened.
You feel dopey.
You feel clumsy.
You die...

#.# ### #.. ..#
#.# #.# #.# #.#
#.#######
##.####.......#
#.....<.#######
##..####.######
#..@.)..........
##ee.##..#####.#
#.......#
[............
........##....#
...#....##....#
............$..
................
#....... ...


You could see Duvessa and Dowan.

Vanquished Creatures
  A hound (D:3)
  Robin (D:3)
  4 gnolls (D:2)
  An adder (D:3)
  2 dart slugs
  4 orcs
  9 ball pythons
  3 bats
  9 endoplasms
  4 giant cockroaches
  15 goblins
  6 hobgoblins
  4 jackals (D:2)
  2 quokkas (D:1)
  4 frilled lizards
  7 kobolds
  3 rats (D:2)
79 creatures vanquished.

Notes
Turn   | Place    | Note
-------+----------+-------------------------------------------
     0 | D:1      | kae the Minotaur Fighter began the quest for the Orb.
     0 | D:1      | Reached XP level 1. HP: 19/19 MP: 0/0
   131 | D:1      | Reached XP level 2. HP: 21/27 MP: 1/1
   566 | D:1      | Found a faded altar of an unknown god.
   613 | D:2      | Reached XP level 3. HP: 33/33 MP: 2/2
   863 | D:2      | Reached XP level 4. HP: 18/40 MP: 3/3
   865 | D:2      | HP: 2/40 [constriction (1)]
  1682 | D:3      | Reached XP level 5. HP: 47/47 MP: 4/4
  1828 | D:3      | Noticed Robin
  1835 | D:3      | Killed Robin
  2081 | D:3      | Found a basalt altar of Yredelemnul.
  2376 | D:4      | Noticed Duvessa
  2378 | D:4      | Noticed Dowan
  2390 | D:4      | HP: 2/47 [poisoned by Dowan]
  2391 | D:4      | Succumbed to Dowan's poison

Illustrated notes

Levels and vault maps discovered:
D:1:      minmay_arrival_five_plusses, layout_basic,
          shapermc_ecumenical_altar_acropolis
D:2:      layout_rooms, serial_curves, eino_curves_03, eino_curves_01
D:3:      layout_loops_cross, yredelemnul_altar_generic,
          chequers_decorated_corner, uniq_robin
D:4:      layout_basic, elyvilon_altar_4, uniq_duvessa

Skill      XL: |  1  2  3  4 |
---------------+-------------+-----
Maces & Flails | 3 4 |  4.8
Shields        | 4 |  4.5
Fighting       | 4 |  4.5
Armour         | 4 |  4.5

Action                   |  1- 3 |  4- 6 || total
-------------------------+-------+-------++-------
Melee: Flail             |    65 |   105 ||   170
       Headbutt          |     7 |    16 ||    23
  Use: Scroll            |       |     7 ||     7
       Potion            |       |     1 ||     1
Armor: Scale mail        |    36 |    52 ||    88
Dodge: Dodged            |    35 |    38 ||    73
Block: Buckler           |    21 |    28 ||    49

Table legend: (Time is in decaauts)
 A = Elapsed time spent in this place.
 B = Non-inter-level travel time spent in this place.
 C = Inter-level travel time spent in this place.
 D = Time resting spent in this place.
 E = Time spent auto-exploring this place.
 F = Levels seen in this place.
 G = Mean time per level.
                   A        B        C        D        E       F      G
               +--------+--------+--------+--------+--------+-----+--------+
         Total |   2431 |   2370 |     61 |      0 |   1932 |   4 |  607.8 |
       Dungeon |   2431 |   2370 |     61 |      0 |   1932 |   4 |  607.8 |
               +--------+--------+--------+--------+--------+-----+--------+

Top non-repeatable levels by time:
     D:3: 971 daAuts
     D:2: 825 daAuts
     D:1: 610 daAuts
     D:4: 23 daAuts
